 Dungeon Crawl Stone Soup version 0.27-a0-1278-g6cbc8dfb29 (webtiles) character file.

Game seed: 4238416385408221105

354 wakim the Skirmisher (level 6, 0/67 HPs)
             Began as an Ogre Berserker on June 12, 2021.
             Was a Believer of Trog.
             Slain by a killer bee (6 damage)
             ... on level 5 of the Dungeon.
             The game lasted 00:06:28 (4078 turns).

wakim the Skirmisher (Ogre Berserker)               Turns: 4078, Time: 00:06:29

Health: 0/67       AC:  3    Str: 24    XL:     6   Next: 62%
Magic:  6/6        EV: 10    Int:  8    God:    Trog [**....]
Gold:   77         SH:  0    Dex:  8    Spells: 5/5 levels left

rFire    . . .     SeeInvis .   b - +0 dagger (venom)
rCold    . . .     Faith    .   (no shield)
rNeg     . . .     Spirit   .   j - +0 animal skin
rPois    .         Reflect  .   (helmet restricted)
rElec    .         Harm     .   (no cloak)
rCorr    .         Rampage  .   (gloves unavailable)
Will     .....                  (boots unavailable)
Stlth    +.........             (no amulet)
HPRegen  0.21/turn              g - +4 ring of slaying
MPRegen  0.10/turn              (no ring)

@: no status effects
A: large, unfitting armour, tough skin 1
a: Renounce Religion, Berserk, Trog's Hand


You were on level 5 of the Dungeon.
You worshipped Trog.
Trog was pleased with you.
You visited 1 branch of the dungeon, and saw 5 of its levels.

You collected 77 gold pieces.

Inventory:

Hand Weapons
 a - a +0 morningstar of flaming
 b - a +0 dagger of venom (weapon)
Missiles
 h - 2 silver javelins
 k - 2 javelins
 m - 10 poisoned darts (quivered)
Armour
 j - a +0 animal skin (worn)
Jewellery
 g - a +4 ring of slaying (left hand)
 l - a ring of fire
Wands
 x - a wand of iceblast (12)
Scrolls
 T - a scroll of teleportation
Potions
 c - a potion of invisibility {unknown}
 d - 2 potions of lignification {unknown}
 e - 2 potions of mutation {unknown}
 f - 3 potions of curing {unknown}
 i - a potion of heal wounds {unknown}
 n - 2 potions of degeneration {unknown}
 o - 2 potions of brilliance {unknown}


   Skills:
 + Level 5.6 Fighting
 * Level 4.8 Maces & Flails
 + Level 1.1 Throwing
 * Level 4.1 Dodging


You had 5 spell levels left.
You didn't know any spells.
Your spell library was empty.

Dungeon Overview and Level Annotations

Branches:
Dungeon (6/15)
 Temple: D:4-7

Altars:

Shops:
D:2 [


Innate Abilities, Weirdness & Mutations

You are too large for most types of armour.
You have tough skin. (AC +1)


Message History

The killer bee looks as sick as possible!
The killer bee is severely wounded.
The killer bee stings you but does no damage.
The killer bee stings you.
* * * LOW HITPOINT WARNING * * *
You are poisoned.
The killer bee poisons you!
You feel sick.
You kill the killer bee!
Trog accepts your kill.
You barely miss the killer bee.
You feel sick. The killer bee stings you.
* * * LOW HITPOINT WARNING * * *
The killer bee barely misses you.
You hit the killer bee.
The killer bee is moderately wounded.
Your skin stops crawling.
You feel less strong-willed.
You feel sick. The killer bee stings you.
* * * LOW HITPOINT WARNING * * *
The killer bee barely misses you.
You hit the killer bee.
The killer bee is severely wounded.
You feel sick. The killer bee closely misses you.
The killer bee stings you but does no damage.
You hit the killer bee.
The killer bee is severely wounded.
You feel sick.
You are no longer poisoned.
The killer bee stings you.
* * * LOW HITPOINT WARNING * * *
The killer bee closely misses you.
You closely miss the killer bee.
The killer bee is severely wounded.
The killer bee closely misses you. The killer bee stings you.
* * * LOW HITPOINT WARNING * * *
You barely miss the killer bee.
The killer bee is severely wounded.
The killer bee stings you!
* * * LOW HITPOINT WARNING * * *
The killer bee stings you.
You die...

#.#
#.....#.###.#.#########
#.#
#.#.#...(..............
#.#
#.#.####.##.#........##
#.# #.#.#
#.##.########.# #.#
#.#.####.##.# #...
##.###.#.##...##.# ###.
###...##.#.##.####.# #
#........#.##.# #.#
#.#...####.##@# #.
#.##.## ##.##y# #
#.##.####...#.####.###
#.##.........<.†y....#
#.#######...#.####.#..#
#.########.##.# ..
#..........##.# #y#
#############.# # #.#


You could see a killer bee.

Vanquished Creatures
  2 scorpions
  2 killer bees (D:5)
  An iguana (D:5)
  4 gnolls (D:2)
  3 adders (D:2)
  A worm (D:2)
  7 orcs
  8 ball pythons
  4 giant cockroaches
  6 hobgoblins
  A quokka (D:3)
  5 bats
  4 frilled lizards
  2 goblins (D:1)
  10 kobolds
  3 rats
63 creatures vanquished.

Notes
Turn   | Place    | Note
-------+----------+-------------------------------------------
     0 | D:1      | wakim the Ogre Berserker began the quest for the Orb.
     0 | D:1      | Reached XP level 1. HP: 24/24 MP: 1/1
   241 | D:1      | Reached XP level 2. HP: 31/32 MP: 2/2
  1412 | D:2      | Reached XP level 3. HP: 14/40 MP: 3/3
  1716 | D:2      | Noticed a scorpion
  1739 | D:2      | Killed a scorpion
  1740 | D:2      | Reached XP level 4. HP: 49/49 MP: 4/4
  2182 | D:2      | Found Vucyma Meom's Antique Armour Shop.
  2220 | D:2      | Reached skill level 5 in Fighting
  2223 | D:2      | Reached XP level 5. HP: 44/57 MP: 5/5
  2228 | D:2      | Reached ** piety under Trog
  3612 | D:3      | You fall into a shaft and drop 3 floors!
  3651 | D:5      | Entered Level 5 of the Dungeon
  3808 | D:5      | Reached XP level 6. HP: 57/66 MP: 6/6
  4069 | D:5      | Reached skill level 1 in Throwing
  4078 | D:5      | Slain by a killer bee

Illustrated notes

Levels and vault maps discovered:
D:1:      psy_arrival_fountain, layout_loops_corners
D:2:      layout_loops_ring, serial_shops, shop, item_on_display_b
D:3:      layout_loops_cross
D:5:      layout_loops_ring, uniq_ijyb, uniq_duvessa
D:6:      layout_rooms, kennysheep_nondescript

Skill      XL: |  1  2  3  4  5  6 |
---------------+-------------------+-----
Maces & Flails | 3 4 |  4.8
Dodging        | 3 4 |  4.1
Fighting       | 5 |  5.6
Throwing       | 1 |  1.1

Action                   |  1- 3 |  4- 6 || total
-------------------------+-------+-------++-------
Melee: Mace              |    68 |    57 ||   125
       Flail             |       |    19 ||    19
       Dagger            |       |    24 ||    24
       Morningstar       |       |    13 ||    13
Throw: Dart              |       |    10 ||    10
Invok: Berserk           |     1 |     2 ||     3
       Trog's Hand       |       |     2 ||     2
  Use: Scroll            |     2 |     1 ||     3
 Stab: Sleeping          |     1 |       ||     1
Armor: Animal skin       |    20 |    34 ||    54
Dodge: Dodged            |    35 |    65 ||   100

Table legend: (Time is in decaauts)
 A = Elapsed time spent in this place.
 B = Non-inter-level travel time spent in this place.
 C = Inter-level travel time spent in this place.
 D = Time resting spent in this place.
 E = Time spent auto-exploring this place.
 F = Levels seen in this place.
 G = Mean time per level.
                   A        B        C        D        E       F      G
               +--------+--------+--------+--------+--------+-----+--------+
         Total |   4139 |   4086 |     53 |    575 |   2947 |   5 |  827.8 |
       Dungeon |   4139 |   4086 |     53 |    575 |   2947 |   5 |  827.8 |
               +--------+--------+--------+--------+--------+-----+--------+

Top non-repeatable levels by time:
     D:2: 1824 daAuts
     D:1: 1390 daAuts
     D:3: 458 daAuts
     D:5: 428 daAuts
     D:6: 38 daAuts
